 Dungeon Crawl Stone Soup version 0.19-a0-1697-g0595f0e (webtiles) character file.

4039 junb69 the Grappler (level 10, 0/90 HPs)
             Began as a Ghoul Gladiator on Sept 26, 2016.
             Was a Follower of Uskayaw.
             Killed from afar by Psyche (14 damage)
             ... with a puff of flame
             ... on level 7 of the Dungeon.
             The game lasted 00:21:10 (7867 turns).

junb69 the Grappler (Ghoul Gladiator)               Turns: 7867, Time: 00:21:11

Health: 0/90       AC: 12    Str: 20    XL:     10   Next: 24%
Magic:  8/9        EV:  9    Int:  5    God:    Uskayaw [*.....]
Gold:   465        SH:  5    Dex: 10    Spells: 0 memorised, 9 levels left

rFire  . . .     SeeInvis .       - Unarmed
rCold  + . .     Gourm    .     y - +0 chain mail
rNeg   + + +     Faith    .     e - +0 buckler
rPois  ∞         Spirit   .     j - +0 helmet
rElec  .         Dismiss  .     (no cloak)
rCorr  .         Reflect  .     i - +0 pair of gloves (curse)
MR     +....     Harm     .     (no boots)
Stlth  ..........               (no amulet)
                                (no ring)
                                b - ring of protection from magic

@: rotting
A: rotting body, claws 1, carnivore 3, cold resistance 1, negative energy
resistance 3, slow regeneration 1, torment resistance, unbreathing
a: Stomp, Renounce Religion


You were on level 7 of the Dungeon.
You worshipped Uskayaw.
Uskayaw was noncommittal.
You were not hungry.

You visited 2 branches of the dungeon, and saw 9 of its levels.
You also visited: Sewer.

You collected 465 gold pieces.

Inventory:

Missiles
 c - 3 throwing nets (quivered)
Armour
 e - a +0 buckler (worn)
 i - a cursed +0 pair of gloves (worn)
 j - a +0 helmet (worn)
 y - a +0 chain mail (worn)
Jewellery
 b - a ring of protection from magic (left hand)
Wands
 B - a wand of iceblast (5/15)
Scrolls
 h - 4 scrolls of teleportation
 l - 2 scrolls of fog {unknown}
 m - 2 scrolls of remove curse
 n - 4 scrolls of immolation
 r - a scroll of blinking
 s - a scroll of noise {unknown}
Potions
 a - a potion of agility {unknown}
 g - a potion of might {unknown}
 k - a potion of invisibility {unknown}
 o - a potion of brilliance {unknown}
 p - 3 potions of cancellation
 q - 2 potions of berserk rage {unknown}
 t - a potion of ambrosia {unknown}
 u - a potion of cure mutation {unknown}
 v - a potion of curing
 w - a potion of lignification {unknown}
 x - a potion of flight {unknown}
 z - a potion of haste
 A - a potion of degeneration {unknown}
Comestibles
 d - 4 meat rations
 f - a beef jerky
 C - 4 chunks of flesh
 D - a slice of pizza


   Skills:
 * Level 8.6 Fighting
 - Level 1.7 Throwing
 * Level 4.1 Armour
 * Level 3.8 Dodging
 - Level 5.6 Shields
 - Level 10.4 Unarmed Combat


You had 9 spell levels left.
You didn't know any spells.

Dungeon Overview and Level Annotations

Branches:
Dungeon (8/15)             Temple (1/1) D:7
   Lair: D:8-11

Altars:
Ashenzari
Cheibriados
Dithmenos
Elyvilon
Fedhas
Gozag
Hepliaklqana
Kikubaaqudgha
Makhleb
Nemelex Xobeh
Okawaru
Qazlal
Ru
Trog
Uskayaw
Vehumet
Xom
Yredelemnul
Zin
The Shining One

Annotations:
D:7 Psyche


Innate Abilities, Weirdness & Mutations

Your body is rotting away.
You thrive on raw meat.
You are immune to poison.
You have sharp fingernails.
You are carnivorous and can eat meat at any time.
Your flesh is cold resistant. (rC+)
You are immune to negative energy. (rN+++)
You regenerate slowly when monsters are visible.
You are immune to unholy pain and torment.
You can survive without breathing.


Message History

The puff of frost hits you!
You climb upwards.
There is a stone staircase leading down here.
You hear a zap.
Something tries to affect you, but you resist.
Something hits you but does no damage.
You hear some strange, mumbled words.
A puff of frost appears from out of thin air!
The puff of frost hits you! You resist.
* * * LOW HITPOINT WARNING * * *
You hear some strange, mumbled words.
A puff of frost appears from out of thin air!
The puff of frost misses you.
You hear a zap.
You are blasted!
* * * LOW HITPOINT WARNING * * *
There is a stone staircase leading up here.
Psyche points at you and mumbles some strange words.
The puff of flame hits you!
You die...

########.#.....# #...#
#.....##.#.....# #.#.#
#.....##.#.....# #...#
#........#.....# ##.##
#.....####.....# #.# #.....#
###.### ##.## ###.### ###.###
#...# #.######.....## ##.##
#.....@.......#####.#
#..###...........##.#
#..###@..........##.#
#...................#
##########..###..##.#.....####
##.............#..##.#.....#
##(#####.##.............#########
##.#####...###.####...### #...(..
.......>....##.# #...# #.###.#


You could see Psyche.

Vanquished Creatures
  Pikel (D:8)
  Prince Ribbit (D:4)
  A hippogriff (D:7)
  2 hungry ghosts (D:7)
  Purgy (Sewer)
  A sky beast (D:7)
  A black bear (D:7)
  A necrophage (D:7)
  4 phantoms
  5 centaurs
  2 bullfrogs
  3 scorpions
  5 wights (D:7)
  2 crimson imps
  A bullfrog zombie (D:6)
  The ghost of Amnesiac the Magician, a weakling DEWz (D:4)
  A quasit (D:5)
  4 jellies
  A bullfrog skeleton (D:6)
  6 orc wizards
  A centaur skeleton (D:6)
  4 orc priests
  2 hounds
  3 iguanas
  Ijyb (D:2)
  8 worker ants
  2 hound skeletons
  A mummy (D:5)
  8 gnolls (D:7)
  2 howler monkey skeletons
  10 adders
  2 shadow imps (D:7)
  An ooze (D:2)
  An adder skeleton (D:5)
  3 worms
  2 dart slugs
  21 orcs
  3 giant cockroaches
  9 goblins
  11 hobgoblins
  14 jackals
  2 quokkas
  7 bats
  3 frilled lizards
  2 hobgoblin zombies (D:5)
  2 jackal skeletons (D:4)
  10 kobolds
  An orc zombie (D:5)
  7 rats
187 creatures vanquished.

Vanquished Creatures (others)
  A slave (D:8)
  A leopard gecko (D:1)
2 creatures vanquished.

Grand Total: 189 creatures vanquished

Notes
Turn   | Place    | Note
-------+----------+-------------------------------------------
     0 | D:1      | junb69 the Ghoul Gladiator began the quest for the Orb.
     0 | D:1      | Reached XP level 1. HP: 17/17 MP: 0/0
    37 | D:1      | Reached XP level 2. HP: 22/24 MP: 1/1
   643 | D:1      | Reached skill level 4 in Unarmed Combat
   739 | D:1      | Reached XP level 3. HP: 27/30 MP: 2/2
  1058 | D:2      | Found a snail-covered altar of Cheibriados.
  1206 | D:2      | Noticed Ijyb
  1216 | D:2      | Killed Ijyb
  1216 | D:2      | Reached XP level 4. HP: 40/40 MP: 3/3
  1427 | D:2      | Reached XP level 5. HP: 37/46 MP: 4/4
  1932 | D:3      | Reached skill level 5 in Unarmed Combat
  2146 | D:3      | Reached skill level 5 in Fighting
  2146 | D:3      | Reached XP level 6. HP: 55/56 MP: 5/5
  2203 | D:3      | Found a glowing drain.
  2208 | Sewer    | Entered a sewer
  2287 | Sewer    | Noticed Purgy
  2319 | Sewer    | Killed Purgy
  2319 | Sewer    | Reached skill level 6 in Unarmed Combat
  2542 | Sewer    | Got an ichor-stained rapier
  2544 | Sewer    | Identified the cursed +1 rapier "Xaathreorch" {speed, *Contam rC++} (You found it in a sewer)
  3118 | D:3      | Identified a scroll of acquirement
  3120 | D:3      | Got a heavily runed cloak
  3126 | D:3      | Identified the -2 cloak of the Sun {Dex+3} (You acquired it on level 3 of the Dungeon)
  3189 | D:4      | Reached XP level 7. HP: 42/62 MP: 6/6
  3265 | D:4      | Reached skill level 1 in Shields
  3622 | D:4      | Noticed Amnesiac's ghost (weakling DEWz)
  3629 | D:4      | Killed Amnesiac's ghost
  3804 | D:4      | Reached skill level 7 in Unarmed Combat
  4013 | D:5      | Entered Level 5 of the Dungeon
  4024 | D:5      | Reached XP level 8. HP: 71/71 MP: 7/7
  4586 | D:5      | Noticed Prince Ribbit
  4631 | D:4      | HP: 1/73 [Prince Ribbit (12)]
  5291 | D:6      | Reached skill level 1 in Armour
  5291 | D:6      | Reached skill level 8 in Unarmed Combat
  5539 | D:6      | Found a sparkling altar of Nemelex Xobeh.
  5539 | D:6      | Found an opulent altar of Gozag.
  6018 | D:6      | Reached XP level 9. HP: 65/81 MP: 8/8
  6189 | D:4      | Killed Prince Ribbit
  6777 | D:7      | Found a staircase to the Ecumenical Temple.
  6788 | Temple   | Entered the Ecumenical Temple
  7016 | Temple   | Became a worshipper of Uskayaw the Reveler
  7070 | D:7      | Reached * piety under Uskayaw
  7191 | D:7      | Found an opulent altar of Gozag.
  7234 | D:7      | Reached ** piety under Uskayaw
  7248 | D:7      | Reached skill level 5 in Shields
  7248 | D:7      | Reached *** piety under Uskayaw
  7526 | D:7      | Reached skill level 9 in Unarmed Combat
  7544 | D:7      | Reached **** piety under Uskayaw
  7549 | D:7      | Reached XP level 10. HP: 56/88 MP: 4/9
  7551 | D:7      | Reached ***** piety under Uskayaw
  7624 | D:7      | Reached skill level 10 in Unarmed Combat
  7799 | D:8      | Noticed Pikel
  7799 | D:8      | Noticed Psyche
  7824 | D:8      | Killed Pikel
  7867 | D:7      | Killed from afar by Psyche

Vault maps used:
D:1:      shiori_arrival_oz
D:2:      first_bread, cheibriados_altar_1, uniq_iyjb
D:3:      portal_sewer_entry_e, minmay_unequal
D:5:      eino_tiny_chamber, minmay_mini_ossuary, uniq_prince_ribbit1
D:6:      grunt_temple_overflow_opulence, lemuel_another_geyser
D:7:      nicolae_gozag_cash_rules_everything_around_me
D:8:      lair_0_dummy, uniq_pikel, uniq_erica, uniq_psyche
Temple:   dpeg_five_rooms_temple
Sewer:    sewer_the_crocodile

Skill      XL: |  1  2  3  4  5  6  7  8  9 10 |
---------------+-------------------------------+-----
Unarmed Combat | 4 5 6 7 8 9 10 | 10.4
Fighting       | 3 4 5 6 7 8 |  8.6
Shields        | 2 3 5 |  5.6
Armour         | 2 3 4 |  4.1
Dodging        | 3 |  3.8
Throwing       | |  1.7

Action                   |  1- 3 |  4- 6 |  7- 9 | 10-12 || total
-------------------------+-------+-------+-------+-------++-------
Melee: Unarmed           |   121 |   195 |   493 |    72 ||   881
       Punch             |       |     4 |       |       ||     4
Throw: Throwing net      |       |       |     4 |       ||     4
Invok: Stomp             |       |       |     2 |     2 ||     4
  Use: Scroll            |       |    11 |     7 |       ||    18
       Potion            |       |     2 |     2 |       ||     4
 Stab: Paralysed         |       |       |     4 |       ||     4
  Eat: Chunk             |    24 |    25 |    32 |     7 ||    88
Armor: Leather armour    |     5 |       |       |       ||     5
       Ring mail         |    49 |   101 |    22 |       ||   172
       Chain mail        |       |       |   190 |    45 ||   235
Dodge: Dodged            |    96 |   121 |   157 |    21 ||   395
Block: Buckler           |       |     9 |    80 |    15 ||   104
